 Dungeon Crawl Stone Soup version 0.17.2-1-ge4368a0 (webtiles) character file.

35 rlgrobin the Insei (level 3, -2/29 HPs)
             Began as a Mummy Monk on Apr 18, 2017.
             Slain by a giant newt (3 damage)
             ... on level 1 of the Dungeon.
             The game lasted 00:01:53 (1939 turns).

rlgrobin the Insei (Mummy Monk)                     Turns: 1939, Time: 00:01:53

Health: -2/29      AC:  0    Str: 14    XL:     3   Next: 17%
Magic:  3/3        EV: 13    Int:  9    God:
Gold:   72         SH:  0    Dex: 15    Spells: 0 memorised, 2 levels left

rFire  x . .     SeeInvis .       - Unarmed
rCold  + . .     Clarity  .     (no armour)
rNeg   + + +     SustAt   .     (no shield)
rPois  ∞         Gourm    .     (no helmet)
rElec  .         Spirit   .     (no cloak)
rCorr  .         Warding  .     (no gloves)
rMut   .         Stasis   .     (no boots)
MR     .....                    (no amulet)
Stlth  ++........               (no ring)
                                (no ring)

@: not resistant to hostile enchantments, unstealthy
A: no food or potions, fire vulnerability, cold resistance 1, negative energy
resistance 3, torment resistance, unbreathing
a: no special abilities


You were on level 1 of the Dungeon.
You were not hungry.

You visited 1 branch of the dungeon, and saw 2 of its levels.

You collected 72 gold pieces.


Innate Abilities, Weirdness & Mutations

You do not eat or drink.
Your flesh is vulnerable to fire.
You are immune to poison.
Your flesh is cold resistant.
You are immune to negative energy.
You are immune to unholy pain and torment.
You can survive without breathing.


   Skills:
 - Level 3.0 Fighting
 - Level 2.4 Dodging
 - Level 1.5 Stealth
 + Level 4.2 Unarmed Combat


You had 2 spell levels left.
You didn't know any spells.

Inventory:

Scrolls
 a - a scroll of random uselessness {unknown}
 b - 3 scrolls of teleportation {unknown}
 c - a scroll of noise {unknown}
 d - a scroll of remove curse {unknown}

Dungeon Overview and Level Annotations

Branches:
Dungeon (2/15)

Altars:

Annotations:
D:2 Terence

▒.▒▒▒▒▒▒▒▒.▒ ▒.▒▒▒▒▒▒▒▒.▒
▒........▒.▒▒▒▒ ▒..........▒...
▒▒▒▒▒▒▒▒▒▒▒▒▒ ▒[.............
▒▒...........▒▒▒▒..............
▒............'.....▒▒▒▒▒+▒.....
▒.........[..▒▒▒▒▒.▒▒▒▒▒.▒.....
▒............▒Ml...............
▒....†.......▒+▒▒..............
▒.▒....▒...........▒▒▒▒▒▒▒▒....
▒▒▒▒.▒.▒............▒..........
▒▒▒▒'▒.▒............▒.▒▒.......
▒......▒.▒▒▒........)..+.......
▒......▒.▒ ▒.......▒(.▒▒.......
▒!.....▒.▒ ▒▒▒▒.▒▒▒▒..▒▒▒▒+▒...
▒......▒.▒▒▒▒▒▒'▒▒▒▒▒.▒ ▒.▒...


You could see a giant newt.


Message History

You swing at nothing!
You swing at nothing!
A giant newt is nearby!!!
You swing at nothing!
You swing at nothing!
You swing at nothing!
The giant newt hisses menacingly!
You swing at nothing!
You swing at nothing!
You swing at nothing!
You miss the giant newt! The giant newt barely misses you!
You closely miss the giant newt! The giant newt completely misses you!
You pummel the giant newt but do no damage!
The giant newt bites you! * * * don't die
* * * You take 3 damage, and have 2/29 hp!
You closely miss the giant newt! The giant newt barely misses you!
You pummel the giant newt like a punching bag!
Your punch misses the giant newt!
The giant newt is moderately wounded!
The giant newt bites you! * * * don't die
* * * You take 2 damage, and have 1/29 hp!
You beat the giant newt but do no damage!
The giant newt is moderately wounded!
The giant newt closely misses you!
You pulverise the giant newt but do no damage!
The giant newt is moderately wounded!
The giant newt bites you! rip

Action                   || total
-------------------------++-------
Melee: Unarmed           ||   116
 Stab: Sleeping          ||     1

Vault maps used:
D:1:      mushboom_english_gardens, fountainhead
D:2:      uniq_terence

Notes
Turn   | Place    | Note
--------------------------------------------------------------
     0 | D:1      | rlgrobin the Mummy Monk began the quest for the Orb.
     0 | D:1      | Reached XP level 1. HP: 18/18 MP: 1/1
   212 | D:1      | Reached XP level 2. HP: 16/24 MP: 2/2
   602 | D:1      | Reached skill level 4 in Unarmed Combat
  1129 | D:2      | Noticed Terence
  1427 | D:1      | Reached XP level 3. HP: 10/29 MP: 3/3
  1935 | D:1      | HP: 2/29 [giant newt (3)]
  1939 | D:1      | Slain by a giant newt

Vanquished Creatures
  2 bats (D:1)
  A giant cockroach (D:1)
  10 goblins
  6 hobgoblins (D:1)
  5 jackals
  2 giant newts (D:1)
  A kobold (D:1)
  3 rats
30 creatures vanquished.

Vanquished Creatures (others)
  An orc (D:2)
1 creature vanquished.

Grand Total: 31 creatures vanquished
